AoeStats
← jeibanez

Arabia

509739175Analyzed
4v4 RM · 3d ago on Sep 27, 2026· 31m 50s· 8 players
Game mode
Random Map
Map size
Large (8 player)
Population
200
Speed
Normal
Resources
Standard
Victory
Conquest
Starting age
Dark Age
Ending age
Imperial Age
RankedLock teamsTeams togetherTeam positionsShared explorationLock speedFull tech treeHidden civsTurbo modeCheats
Victory
Defeat
🇨🇷 Ethiopians · Costa Rica
1152
+13
🇺🇸 Persians · United States
1150
+13
🇹🇷 Saxons · Türkiye
1106
+15
🇫🇷 Maya · France
1099
+16
🇨🇴 Muisca · Colombia
1137
-15
🇨🇴 Varangians · Colombia
1129
-16
🇨🇴 Hindustanis · Colombia
1127
-16
🇺🇸 Danes · United States
977
-10
Evil Mechanic
11:52 Feudal Age
12:00 Loom
18:27 Castle Age
17:55 Bloodlines
17:56 Forging
19:23 Wheelbarrow
18:55 Scale Barding Armor
21:13 Double-Bit Axe
23:05 Hand Cart
22:34 Horse Collar
25:43 Town Watch
26:55 Bow Saw
27:53 Husbandry
29:00 Gold Mining
29:13 Heavy Plow
Demonte
7:03 Loom
9:23 Feudal Age
9:51 Double-Bit Axe
10:42 Horse Collar
15:08 Scale Barding Armor
18:44 Gold Mining
22:20 Castle Age
21:02 Fletching
21:12 Padded Archer Armor
21:27 Bloodlines
23:11 Husbandry
22:32 Light Cavalry
23:20 Thumb Ring
25:53 Bodkin Arrow
26:19 Leather Archer Armor
29:53 Chain Barding Armor
29:44 Forging
30:18 Wheelbarrow
30:05 Bow Saw
30:37 Heavy Plow
31:49 Hand Cart
31:20 Town Watch
titete
0:31 Loom
9:56 Feudal Age
11:43 Double-Bit Axe
14:01 Fletching
22:36 Castle Age
20:41 Padded Archer Armor
22:42 Crossbowman
23:19 Bodkin Arrow
24:35 Thumb Ring
26:32 Leather Archer Armor
27:42 Eagle Warrior
28:34 Forging
29:53 Iron Casting
Demax
6:58 Loom
9:32 Feudal Age
11:35 Fletching
15:33 Padded Archer Armor
17:35 Town Watch
21:55 Wheelbarrow
27:03 Castle Age
26:31 Double-Bit Axe
26:45 Horse Collar
27:07 Crossbowman
27:50 Bodkin Arrow
29:11 Leather Archer Armor
30:34 Thumb Ring
32:45 Ballistics
CHOCORRAMERO
8:39 Loom
11:26 Feudal Age
15:50 Double-Bit Axe
25:38 Castle Age
24:18 Horse Collar
25:57 Fletching
25:46 Elite Skirmisher
28:44 Stone Mining
30:47 Forging
Enchiskan
6:52 Loom
9:29 Feudal Age
10:35 Double-Bit Axe
10:16 Champi Runner
10:58 Horse Collar
13:07 Gold Mining
18:07 Padded Archer Armor
17:58 Fletching
28:42 Castle Age
29:31 Thumb Ring
28:47 Crossbowman
28:53 Elite Skirmisher
Ctrl Gio
6:19 Loom
9:23 Feudal Age
11:00 Double-Bit Axe
18:50 Forging
22:31 Castle Age
21:25 Scale Barding Armor
21:35 Bloodlines
21:59 Horse Collar
22:10 Gold Mining
23:29 Husbandry
24:06 Iron Casting
28:41 Town Watch
jeibanez
11:09 Feudal Age
10:40 Loom
11:46 Double-Bit Axe
11:45 Horse Collar
17:59 Castle Age
18:13 Forging
18:24 Scale Barding Armor
19:07 Bloodlines
22:35 Husbandry
26:04 Iron Casting
26:47 Heavy Plow
27:00 Bow Saw
30:31 Wheelbarrow
30:10 Gold Mining
30:12 Stone Mining
30:33 Town Watch
Connection lost

Rejoining the realm…

Still unreachable

The connection could not be restored.

Session expired

The server has moved on; the page needs a fresh start.